 Dungeon Crawl Stone Soup version 0.27-a0-1296-g8ece459b43 (webtiles) character file.

Game seed: 13667289388875993343

51 Froggeryz the Cudgeller (level 3, -9/29 HPs)
             Began as a Barachi Fighter on June 16, 2021.
             Mangled by a gnoll (10 damage)
             ... on level 2 of the Dungeon.
             The game lasted 00:01:47 (1724 turns).

Froggeryz the Cudgeller (Barachi Fighter)           Turns: 1724, Time: 00:01:48

Health: -9/29      AC:  6    Str: 18      XL:     3   Next: 81%
Magic:  3/3        EV:  7    Int:  5 (8)  God:
Gold:   46         SH:  9    Dex: 10 (11) Spells: 2/2 levels left

rFire    . . .     SeeInvis .   a - +0 flail
rCold    . . .     Faith    .   c - +0 kite shield
rNeg     . . .     Spirit   .   b - +0 scale mail
rPois    .         Reflect  .   (no helmet)
rElec    .         Harm     .   (no cloak)
rCorr    .         Rampage  .   (no gloves)
Will     .....                  (no boots)
Stlth    ..........             (no amulet)
HPRegen  0.09/turn              (no ring)
MPRegen  0.08/turn              (no ring)

@: unable to hop, slow
A: amphibious, slowness 1, strong legs 1, +LOS
a: Hop


You were on level 2 of the Dungeon.
You visited 1 branch of the dungeon, and saw 2 of its levels.

You collected 46 gold pieces.

Inventory:

Hand Weapons
 a - a +0 flail (weapon)
Armour
 b - a +0 scale mail (worn)
 c - a +0 kite shield (worn)
Scrolls
 e - a scroll of fear {unknown}
 g - a scroll of amnesia {unknown}
 h - a scroll of blinking {unknown}
 i - a scroll of noise {unknown}
Potions
 d - a potion of might


   Skills:
 - Level 3.6 Fighting
 * Level 3.9 Maces & Flails
 - Level 3.6 Armour
 + Level 3.9 Shields


You had 2 spell levels left.
You didn't know any spells.
Your spell library contained the following spells:

 Spells                   Type           Power      Damage    Failure   Level
 Confusing Touch          Hex            0%         N/A       100%        3
 Gell's Gravitas          Tloc           0%         N/A       100%        3
 Petrify                  Tmut/Erth      0%         N/A       100%        4
 Metabolic Englaciation   Hex/Ice        0%         N/A       100%        5
 Yara's Violent Unravell  Hex/Tmut       0%         3d3       100%        5


Dungeon Overview and Level Annotations

Branches:
Dungeon (2/15)

Altars:


Innate Abilities, Weirdness & Mutations

You are amphibious.
You cover ground slowly.
You can hop short distances.
You have an extended range of vision and can be seen from far away.


Message History

There is a stone staircase leading up here.
Hop to where?
Press: ? - help, Dir - move target
Okay, then.
Hop to where?
Press: ? - help, Dir - move target Boing!
The gnoll hits you with a +0 halberd!
Found a stone staircase leading up.
You hit the gnoll.
The gnoll is lightly wounded.
The gnoll hits you with a +0 halberd!
* * * LOW HITPOINT WARNING * * *
You block the gnoll's attack.
You barely miss the gnoll.
The gnoll is lightly wounded.
The gnoll barely misses you.
You barely miss the gnoll.
The gnoll is lightly wounded.
You block the gnoll's attack.
You barely miss the gnoll.
The gnoll is lightly wounded.
You block the gnoll's attack. x2
You barely miss the gnoll.
The gnoll is lightly wounded.
The gnoll hits you but does no damage.
You hit the gnoll but do no damage.
The gnoll is lightly wounded.
You block the gnoll's attack. The gnoll hits you but does no damage.
You barely miss the gnoll.
The gnoll is lightly wounded.
The gnoll barely misses you.
You hit the gnoll.
The gnoll is heavily wounded.
You block the gnoll's attack.
You closely miss the gnoll.
The gnoll is heavily wounded.
The gnoll hits you with a +0 halberd!
* * * LOW HITPOINT WARNING * * *
The gnoll hits you with a +0 halberd!
You die...

## .. .#####
..... ...#
..#
#.##########
#<...@g....#
#....!.....#
##.........#
#.........#
##....#####
<....#
..#...#
#....#..
#...#####


You could see a gnoll.

Vanquished Creatures
  3 gnolls (D:1)
  3 ball pythons (D:1)
  A bat (D:1)
  2 giant cockroaches (D:1)
  5 goblins (D:1)
  2 hobgoblins (D:1)
  A quokka (D:1)
  A frilled lizard (D:1)
  3 rats (D:1)
21 creatures vanquished.

Notes
Turn   | Place    | Note
-------+----------+-------------------------------------------
     0 | D:1      | Froggeryz the Barachi Fighter began the quest for the Orb.
     0 | D:1      | Reached XP level 1. HP: 18/18 MP: 1/1
   197 | D:1      | Reached XP level 2. HP: 24/24 MP: 2/2
  1226 | D:1      | Reached XP level 3. HP: 24/29 MP: 3/3
  1724 | D:2      | HP: 1/29 [gnoll (7)]
  1724 | D:2      | Mangled by a gnoll

Illustrated notes

Levels and vault maps discovered:
D:1:      minmay_arrival_shattered_statue, layout_basic
D:2:      minmay_wonky_spiral, layout_rooms, serial_shops, shop

Skill      XL: |  1  2 |
---------------+-------+-----
Maces & Flails | 3 |  3.9
Fighting       | |  3.6
Armour         | |  3.6
Shields        | |  3.9

Action                   || total
-------------------------++-------
Melee: Flail             ||   100
 Abil: Hop               ||     1
  Use: Potion            ||     1
Armor: Scale mail        ||    48
Dodge: Dodged            ||    43
Block: Kite shield       ||    59

Table legend: (Time is in decaauts)
 A = Elapsed time spent in this place.
 B = Non-inter-level travel time spent in this place.
 C = Inter-level travel time spent in this place.
 D = Time resting spent in this place.
 E = Time spent auto-exploring this place.
 F = Levels seen in this place.
 G = Mean time per level.
                   A        B        C        D        E       F      G
               +--------+--------+--------+--------+--------+-----+--------+
         Total |   1917 |   1796 |    121 |    600 |    846 |   2 |  958.5 |
       Dungeon |   1917 |   1796 |    121 |    600 |    846 |   2 |  958.5 |
               +--------+--------+--------+--------+--------+-----+--------+

Top non-repeatable levels by time:
     D:1: 1895 daAuts
     D:2: 22 daAuts
